 Dungeon Crawl Stone Soup version 0.29.1-15-g9cfb28693d (webtiles) character file.

Game seed: 13386056628492290367

338 Gabide the Poker (level 6, -9/50 HPs)
             Began as a Merfolk Chaos Knight on Mar 13, 2023.
             Was a Plaything of Xom.
             Engulfed by a shapeshifter (shapeshifter)'s foul pestilence (14 damage)
             ... on level 4 of the Dungeon.
             The game lasted 00:09:09 (3387 turns).

Gabide the Poker (Merfolk Chaos Knight)             Turns: 3387, Time: 00:09:12

Health: -9/50      AC:  6    Str: 14 (15) XL:     6   Next: 55%
Magic:  6/6        EV: 14    Int: 10 (11) God:    Xom [.*....]
Gold:   222        SH:  0    Dex: 16 (19) Spells: 5/5 levels left

rFire   + + .      SeeInvis .   a - +0 spear (chaos)
rCold   . . .      Faith    +   (no shield)
rNeg    + . .      Spirit   .   s - +1 robe of Vuqeh {Rampage rPois Dex+3}
rPois   +          Reflect  .   h - +1 helmet
rElec   .          Harm     .   (no cloak)
rCorr   +          Rampage  +   u - +0 pair of gloves
Will    .....                   (no boots)
Stlth   +.........              d - amulet "Xujatuha" {Faith Contam rF+ rN+ Dex+3}
HPRegen 0.16/turn               m - ring of resist corrosion
MPRegen 0.10/turn               o - ring of protection from fire

@: lethally poisoned (-9 -> -38), slowed, unable to read, very slow
A: (nimble swimmer 2), mertail, deterioration 1, inability to read after injury
2
a: Renounce Religion


You were on level 4 of the Dungeon.
You worshipped Xom.
You were a plaything of Xom.
You visited 1 branch of the dungeon, and saw 4 of its levels.

You collected 222 gold pieces.

Inventory:

Hand Weapons
 a - a +0 spear of chaos (weapon)
Missiles
 e - 2 curare-tipped darts
Armour
 b - a +2 leather armour
 h - a +1 helmet (worn)
 s - the +1 robe of Vuqeh (worn) {Rampage rPois Dex+3}
   (You found it on level 4 of the Dungeon)

   Dex:       It affects your dexterity (+3).
   rPois:     It protects you from poison.
   Rampage:   It bestows one free step when moving towards enemies.
 u - a +0 pair of gloves (worn)
Jewellery
 d - the amulet "Xujatuha" (around neck) {Faith Contam rF+ rN+ Dex+3}
   (You found it on level 3 of the Dungeon)

   [amulet of faith]

   It allows you to gain divine favour quickly.
   Dex:       It affects your dexterity (+3).
   rF:        It protects you from fire.
   rN:        It protects you from negative energy.
   Contam:    It causes magical contamination when unequipped.
 m - a ring of resist corrosion (left hand)
 n - a ring of magical power
 o - a ring of protection from fire (right hand)
Wands
 k - a wand of polymorph (6)
Scrolls
 l - 2 scrolls of amnesia
Potions
 f - 3 potions of curing
 i - a potion of attraction {unknown}
 j - a potion of might {unknown}
 p - a potion of brilliance {unknown}
 r - a potion of degeneration {unknown}
 t - a potion of flight {unknown}
Miscellaneous
 c - a piece from Xom's chessboard (11/15) (quivered)


   Skills:
 + Level 4.8 Fighting
 * Level 7.2 Polearms
 - Level 0.6 Armour
 + Level 4.9 Dodging


You had 5 spell levels left.
You didn't know any spells.
Your spell library contained the following spells:

 Spells                   Type           Power      Damage    Failure   Level
 Conjure Flame            Conj/Fire      0%         6-21      75%         3
 Ignite Poison            Fire/Tmut/Pois 0%         N/A       75%         3
 Sticky Flame             Conj/Fire      0%         2d3       98%         4
 Summon Forest            Summ/Tloc      0%         N/A       100%        5
 Summon Mana Viper        Hex/Summ       0%         N/A       100%        5
 Summon Cactus Giant      Summ           0%         N/A       100%        6


Dungeon Overview and Level Annotations

Branches:
Dungeon (4/15)
 Temple: D:4-7

Altars:
Zin

Shops:
D:3 [


Innate Abilities, Weirdness & Mutations

((You are very nimble when in or above water. (Stealth+, EV+, Speed+++)))
Your lower body shifts to a powerful aquatic tail in water.
Your body sometimes deteriorates upon taking damage.
You sometimes lose the ability to read scrolls when taking damage.


Message History

Unknown command.
Okay, then.
Okay, then.
Unknown command.
Unknown command.
The death drake closely misses you.
Okay, then.
Non-targeted evoke: piece from Xom's chessboard (13/15)
Press: ? - help, Q - select action, (/) - cycle Dir - look around, f - activate Look: a death drake You make a move on Xom's chessboard...
The death drake easily resists.
The death drake misses you. The death drake bites you!
Non-targeted evoke: piece from Xom's chessboard (12/15)
Press: ? - help, Q - select action, (/) - cycle Dir - look around, f - activate You make a move on Xom's chessboard...
The death drake easily resists.
The death drake bites you! The death drake breathes miasma at you.
The foul vapour engulfs you!
You are engulfed in dark miasma.
* * * LOW HITPOINT WARNING * * *
Your body deteriorates!
You feel weakened. The death drake breathes miasma at you.
The foul vapour engulfs you!
You are lethally poisoned!
* * * LOW HITPOINT WARNING * * *
Your body deteriorates!
You feel clumsy.
You feel better. The death drake bites you.
* * * LOW HITPOINT WARNING * * *
The death drake misses you. The death drake breathes miasma at you.
The foul vapour engulfs you.
* * * LOW HITPOINT WARNING * * *
Aiming: Polymorph
Press: ? - help, Shift-Dir - straight line, f - death drake
Aim: a death drake (foul pestilence, catching its breath, will become a moth of wrath, a swamp dragon, or a manticore, chance to affect: 31%)
The death drake changes into a shapeshifter!
You are engulfed in dark miasma.
You are lethally poisoned!
You die...
Xom giggles madly!

#..###..............##..........
##....................#..........
<.##.#...........###...#..<..###.
#..#.#...##...###...###...###...#
.........#.###.#.....#.###.#.....
#....#..#...#...#...#...#...#...#
###..#..#...#.°.#####...#...#####
##....#...#.°p#°°.#...#...#...#
#...#.#.###°#@°°..#.###.#.....
##..####...###°°.###...###...#
#.>.>.#.....#.###.#.....#.###.
###.....#...#...#...#...#...#..
#.......#####...#...#####...#..
###.....#...#..(#...#.[.#...#..
#....#.....#.###.#.....#.###.
##...##...###...###...###...#
##.#..#.###.#.....#.###.#.....


You could see a shapeshifter.

Vanquished Creatures
  A swamp drake (D:4)
  A hound (D:4)
  Jessica (D:3)
  An iguana (D:4)
  7 adders
  4 worms
  4 dart slugs
  5 orcs
  6 ball pythons
  9 endoplasms
  2 giant cockroaches (D:1)
  7 goblins
  6 hobgoblins
  2 jackals (D:1)
  5 bats
  2 frilled lizards
  7 kobolds
  4 rats
74 creatures vanquished.

Notes
Turn   | Place    | Note
-------+----------+-------------------------------------------
     0 | D:1      | Gabide the Merfolk Chaos Knight began the quest for the
                  | Orb.
     0 | D:1      | Reached XP level 1. HP: 18/18 MP: 1/1
   125 | D:1      | Reached XP level 2. HP: 24/24 MP: 2/2
   359 | D:1      | Reached XP level 3. HP: 29/29 MP: 3/3
   703 | D:2      | Reached skill level 5 in Polearms
   757 | D:2      | Found a faded altar of an unknown god.
   970 | D:2      | Reached XP level 4. HP: 37/37 MP: 4/4
  1075 | D:2      | XOM: smoke on damage
  1087 | D:2      | XOM: cloud trail
  1366 | D:2      | Found a glowing silver altar of Zin.
  1443 | D:2      | XOM: cloud trail
  1820 | D:3      | Noticed Jessica
  1832 | D:3      | XOM: enchant monster (good)
  1835 | D:3      | XOM: divination: detect items
  1846 | D:3      | Killed Jessica
  1847 | D:3      | Reached skill level 6 in Polearms
  1847 | D:3      | Reached XP level 5. HP: 42/42 MP: 5/5
  2003 | D:3      | Found Aseexan's Antique Armour Boutique.
  2045 | D:3      | XOM: summons 1 hostile shadow creature
  2373 | D:3      | Identified the amulet "Xujatuha" {Faith Contam rF+ rN+
                  | Dex+3}
  2433 | D:3      | Found a glowing silver altar of Zin.
  2433 | D:3      | Noticed an angel
  2474 | D:3      | XOM: give mutations
  2474 | D:3      | Gained mutation: You occasionally lose the ability to read
                  | scrolls when taking damage. [Xom's mischief]
  2474 | D:3      | Gained mutation: You sometimes lose the ability to read
                  | scrolls when taking damage. [Xom's mischief]
  2474 | D:3      | Gained mutation: Your body sometimes deteriorates upon
                  | taking damage. [Xom's mischief]
  2599 | D:3      | XOM: summons 3 hostile shadow creatures
  2705 | D:3      | XOM: noise
  2783 | D:4      | Identified the +1 robe of Vuqeh {Rampage rPois Dex+3}
  2853 | D:4      | XOM: polymorph adder -> hound
  2856 | D:4      | XOM: noise
  2864 | D:4      | XOM: scenery: summon butterflies
  2894 | D:4      | Noticed a shapeshifter
  2894 | D:4      | an orc priest changed into a shapeshifter
  2894 | D:4      | Noticed an ice beast
  2894 | D:4      | a shapeshifter changed into an ice beast
  2902 | D:4      | XOM: 5-stop teleportation journey
  2940 | D:4      | Noticed a swamp drake
  2940 | D:4      | a jelly changed into a swamp drake
  2963 | D:4      | Killed a swamp drake
  2964 | D:4      | Reached skill level 7 in Polearms
  2964 | D:4      | Reached XP level 6. HP: 18/49 MP: 6/6
  3322 | D:4      | Noticed a cyclops
  3323 | D:4      | XOM: 2-stop teleportation journey
  3375 | D:4      | Noticed a death drake
  3376 | D:4      | XOM: butterfly on damage
  3387 | D:4      | Noticed a shapeshifter
  3387 | D:4      | a death drake changed into a shapeshifter
  3387 | D:4      | Engulfed by a shapeshifter (shapeshifter)'s foul pestilence

Illustrated notes

Levels and vault maps discovered:
D:1:      minmay_arrival_checkered_box, layout_rooms, minmay_crystal_water,
          st_stairs_13
D:2:      layout_basic, basic_altar, chequers_ecumenical_altar_simple_redux,
          minivault_23, serial_park_tiny_pond
D:3:      layout_loops_ring, zin_angel, serial_shops,
          nicolae_shop_temple_entry_statues_fountains, minmay_puff, uniq_jessica
D:4:      nicolae_cairo_tiling, layout_cave_pools, mainiacjoe_overflow_alcove_4

Skill      XL: |  1  2  3  4  5 |
---------------+----------------+-----
Dodging        | 3 4 |  4.9
Polearms       | 5 6 7 |  7.2
Fighting       | 4 |  4.8
Armour         | |  0.6

Action                   |  1- 3 |  4- 6 || total
-------------------------+-------+-------++-------
Melee: Spear             |   130 |   219 ||   349
       Unarmed           |       |    12 ||    12
       Punch             |       |     1 ||     1
Throw: Dart              |       |     2 ||     2
Evoke: Piece from Xom's  |     2 |    10 ||    12
       Wand              |       |     1 ||     1
  Use: Scroll            |       |    10 ||    10
       Potion            |       |     5 ||     5
 Stab: Confused          |       |     2 ||     2
       Paralysed         |       |     8 ||     8
       Petrified         |       |     3 ||     3
       Distracted        |       |     1 ||     1
       Petrifying        |       |     1 ||     1
       Sleeping          |       |     1 ||     1
Armor: Leather armour    |    30 |    38 ||    68
       Robe              |       |    11 ||    11
Dodge: Dodged            |    54 |   113 ||   167
